[Event "Team 45 45 League T65"]
[Site "Internet Chess Club"]
[Date "2015.07.09"]
[Round "6"]
[White "KidRattler"]
[Black "werty"]
[Result "1/2-1/2"]
[WhiteElo "1655"]
[BlackElo "1584"]
[Opening "Modern defense"]
[ECO "A40"]
[Time "14:40:18"]
[TimeControl "2700+45"]

1. d4 g6 2. Nf3 Bg7 3. c4 e6 4. e3 b6 5. Bd3 Bb7 6. Nc3 d6 7. b3 Ne7 8. Bb2 Nd7
9. Qe2 O-O 10. Ne4 d5 11. Ng3 Rc8 12. h4 c5 13. h5 cxd4 14. exd4 dxc4 15. bxc4
Nf5 16. Ne4 Nf6 17. Nxf6+ Bxf6 18. hxg6 hxg6 19. Qd2 Bxf3 20. gxf3 Bg5 21. f4
Bf6 22. Bxf5 exf5 23. Qd3 Qe8+ 24. Kf1 Kg7 25. Re1 Qd8 26. Qh3 Rh8 27. Qxh8+
Qxh8 28. Rxh8 Kxh8 29. Rc1 Kg8 30. Ke2 Kf8 31. Kd3 Ke7 32. Ba3+ Kd7 33. c5 bxc5
34. Rxc5 Rxc5 35. Bxc5 Kc6 36. Kc4 Bd8 37. Bxa7 f6 38. Bc5 g5 39. d5+ Kd7 40.
Be3 g4 41. Bc5 Ba5 42. a4 Bd2 43. Bd4 Bxf4 44. Bxf6 Bd2 {Game drawn by mutual
agreement} 1/2-1/2

[Event "Team 45 45 League T65"]
[Site "Internet Chess Club"]
[Date "2015.07.09"]
[Round "6"]
[White "anna"]
[Black "OperaDude94"]
[Result "1-0"]
[WhiteElo "1823"]
[BlackElo "1820"]
[Opening "French: exchange variation"]
[ECO "C01"]
[Time "15:03:15"]
[TimeControl "2700+45"]

1. e4 e6 2. d4 d5 3. exd5 exd5 4. Nf3 Nf6 5. Bd3 Bg4 6. h3 Bh5 7. Bf4 Be7 8. g4
Bg6 9. Nc3 c6 10. Qe2 O-O 11. O-O-O Re8 12. Qf1 Nbd7 13. Bxg6 hxg6 14. Qd3 b5
15. Rdg1 Qa5 16. Kb1 b4 17. Ne2 Ne4 18. Be3 Rab8 19. Nc1 Qb6 20. Nd2 Ndf6 21. f3
Nxd2+ 22. Qxd2 Bd6 23. h4 c5 24. dxc5 Bxc5 25. Bxc5 Qxc5 26. Nb3 Qc4 27. Re1 Nd7
28. Qd4 Nb6 29. Qxc4 dxc4 30. Nc5 a5 31. Kc1 Kf8 32. Ne4 Rbd8 33. Rd1 Rxd1+ 34.
Rxd1 Ke7 35. Rd4 Rd8 36. Rxd8 Kxd8 37. Kd2 Kd7 38. Ke3 Na4 39. b3 cxb3 40. cxb3
Nb6 41. Kd4 Kc6 42. Ng5 f5 43. Ne6 fxg4 44. fxg4 Nd5 45. Nxg7 Nc3 46. h5 gxh5
47. gxh5 Nxa2 48. h6 a4 49. h7 axb3 50. h8=Q Nc3 51. Qh1+ Kb5 52. Qb7+ Ka5 53.
Qa7+ Kb5 54. Qa1 Na4 55. Qb1 b2 56. Nf5 b3 57. Ne3 Kb4 58. Nd1 Ka3 59. Nxb2 Nxb2
60. Kc3 Na4+ 61. Kc4 Nb2+ 62. Kb5 Nd1 63. Qa1# {Black checkmated} 1-0

[Event "Team 45 45 League T65"]
[Site "Internet Chess Club"]
[Date "2015.07.11"]
[Round "6"]
[White "anishio"]
[Black "sanjay2000"]
[Result "1-0"]
[WhiteElo "1668"]
[BlackElo "1563"]
[Opening "Sicilian: dragon, Yugoslav attack, 10.O-O-O"]
[ECO "B78"]
[Time "16:00:35"]
[TimeControl "2700+45"]

1. e4 c5 2. Nf3 g6 3. d4 cxd4 4. Nxd4 Bg7 5. Be3 Nc6 6. Nc3 d6 7. Qd2 Nf6 8. f3
O-O 9. Bc4 Bd7 10. O-O-O Rb8 11. g4 a6 12. h4 b5 13. Bb3 b4 14. Nce2 Qa5 15. Ng3
Nxd4 16. Bxd4 Rfc8 17. h5 gxh5 18. Nxh5 Nxh5 19. Rxh5 Rb5 20. Rdh1 Rxh5 21. Rxh5
e5 22. Be3 Ba4 23. Kb1 Bxb3 24. axb3 Rd8 25. Qf2 Qb5 26. Qh4 Qf1+ 27. Bc1 Rc8
28. Qh1 Qf2 29. Rh2 Qc5 30. Qg2 a5 31. Qh3 h6 32. Bxh6 a4 33. Bxg7 Qg1+ 34. Ka2
axb3+ 35. Kxb3 Qe3+ 36. c3 Kxg7 37. Qh7+ Kf6 38. Qf5+ Ke7 39. Qxc8 Qxf3 40. Qc7+
Ke6 {Black resigns} 1-0

[Event "Team 45 45 League T65"]
[Site "Internet Chess Club"]
[Date "2015.07.18"]
[Round "6"]
[White "seattleblues"]
[Black "Littlemon"]
[Result "0-1"]
[WhiteElo "1442"]
[BlackElo "1565"]
[Opening "QGD semi-Slav: accelerated Meran (Alekhine variation)"]
[ECO "D15"]
[Time "11:00:12"]
[TimeControl "2700+45"]

1. d4 d5 2. Nf3 Nf6 3. c4 c6 4. Nc3 a6 5. e3 e6 6. Bd3 Nbd7 7. O-O Bd6 8. c5 Be7
9. Re1 b6 10. e4 bxc5 11. exd5 cxd5 12. dxc5 Nxc5 13. Bb1 O-O 14. Ne5 Qc7 15. b4
Ncd7 16. Bb2 Nxe5 {White resigns} 0-1

[Event "Team 45 45 League T65"]
[Site "Internet Chess Club"]
[Date "2015.07.13"]
[Round "6"]
[White "RUPIS"]
[Black "Bizzy-Ketty"]
[Result "1-0"]
[WhiteElo "1619"]
[BlackElo "1586"]
[Opening "Sicilian: Nimzovich-Rossolimo attack (without ...d6)"]
[ECO "B30"]
[Time "17:00:20"]
[TimeControl "2700+45"]

1. e4 c5 2. Nf3 Nc6 3. Bb5 a6 4. Bxc6 bxc6 5. O-O d5 6. d3 g6 7. c4 Bg7 8. Nc3
dxc4 9. dxc4 Qxd1 10. Rxd1 Bxc3 11. bxc3 Rb8 12. Be3 Nf6 13. e5 Ne4 14. Rab1
Rxb1 15. Rxb1 Kd7 16. Ng5 Nxc3 17. Rb3 Na4 18. Nxf7 Rf8 19. Ng5 h6 20. Ne4 Rf5
21. f4 g5 22. g4 Rf8 23. f5 Kc7 24. Nxc5 Nb6 25. Rxb6 Kxb6 26. Nd7+ Ka5 27. Nxf8
Kb4 28. e6 Bxe6 29. fxe6 Kxc4 30. Ng6 Kd5 31. Nxe7+ Kd6 32. Bc5+ Kxe6 33. Nxc6
Kd5 34. Bf8 Kxc6 35. Bxh6 Kb5 36. Bxg5 Ka4 37. h4 Ka3 38. h5 Kxa2 39. h6 a5 40.
h7 a4 41. h8=Q a3 42. Bc1 Kb3 43. Bxa3 Kxa3 44. Qb8 Ka4 45. g5 Ka5 46. g6 Ka6
47. g7 Ka5 48. Kf2 Ka4 49. Ke3 Ka5 50. Kd4 Ka4 51. Kc5 Ka3 52. Qb5 Ka2 53. Kb6
Ka3 54. Ka7 Ka2 55. g8=Q+ Ka1 56. Qg1+ Ka2 57. Qgb1+ Ka3 58. Qa5# {Black
checkmated} 1-0

[Event "Team 45 45 League T65"]
[Site "Internet Chess Club"]
[Date "2015.07.10"]
[Round "6"]
[White "MasterD"]
[Black "mongmong"]
[Result "0-1"]
[WhiteElo "1462"]
[BlackElo "1479"]
[Opening "French: advance, Paulsen attack"]
[ECO "C02"]
[Time "19:02:35"]
[TimeControl "2700+45"]

1. e4 e6 2. d4 d5 3. e5 c5 4. c3 Nc6 5. Nf3 Qb6 6. a3 Nge7 7. b4 cxd4 8. cxd4
Nf5 9. Be3 g6 10. Be2 Nxe3 11. fxe3 Bh6 12. Qd3 Bd7 13. O-O Ne7 14. g4 a6 15.
Nbd2 Bb5 16. Nc4 Bxc4 17. Qd2 Bxe2 18. Qxe2 O-O 19. h4 Rac8 20. g5 Bg7 21. Qh2
Nf5 22. Rae1 Rc3 23. h5 Rxe3 24. h6 Rxe1 25. Rxe1 Bh8 26. Rd1 Rc8 27. Qd2 Qc6
28. Ne1 Qc3 29. Qxc3 Rxc3 30. Kf2 Rc4 31. Nf3 Kf8 32. Ke2 Ke7 33. Rd3 Ng3+ 34.
Kd1 Ne4 35. Ke2 Rc2+ 36. Nd2 Rxd2+ 37. Rxd2 Nxd2 38. Kxd2 f6 39. exf6+ Bxf6 40.
gxf6+ Kxf6 41. Ke3 e5 42. dxe5+ Kxe5 43. a4 d4+ 44. Kd3 g5 45. Ke2 Ke4 46. b5
d3+ 47. Kf2 g4 48. bxa6 bxa6 49. a5 Kd4 50. Kf1 Ke3 51. Ke1 d2+ 52. Kd1 g3 53.
Kc2 Ke2 54. Kc3 d1=Q 55. Kc4 Qd6 56. Kb3 g2 57. Kb2 g1=Q 58. Ka2 Qd5+ 59. Ka3
Qdc5+ 60. Kb3 Qd1+ 61. Ka2 Qxa5+ 62. Kb2 Qb4+ 63. Ka2 Qbb3# {White checkmated}
0-1

[Event "Team 45 45 League T65"]
[Site "Internet Chess Club"]
[Date "2015.07.10"]
[Round "6"]
[White "QuimCatala"]
[Black "karthikkallam"]
[Result "0-1"]
[WhiteElo "1371"]
[BlackElo "1426"]
[Opening "Ruy Lopez: Berlin defense, 4.O-O, d6"]
[ECO "C66"]
[Time "17:02:30"]
[TimeControl "2700+45"]

1. e4 e5 2. Nf3 Nc6 3. Bb5 Nf6 4. O-O d6 5. Qe2 Bd7 6. Rd1 a6 7. Ba4 Be7 8. c3
O-O 9. d4 exd4 10. cxd4 b5 11. Bb3 Bg4 12. e5 Bxf3 13. gxf3 Nd7 14. Bd5 Ndb8 15.
e6 fxe6 16. Qxe6+ Kh8 17. Nc3 Bf6 18. Be3 Re8 19. Qg4 Ra7 20. Bxc6 Nxc6 21. d5
Ne5 22. Qf4 Rb7 23. b3 Ng6 24. Qb4 Qe7 25. Rac1 Bxc3 26. Qxc3 Ne5 27. Bf4 b4 28.
Qe3 Ng6 29. Qxe7 Rxe7 30. Bg5 Rf7 31. Kg2 h6 32. Be3 Ne5 33. f4 Ng6 34. Rd4 Nh4+
35. Kh3 Nf5 36. Re4 Rb5 37. Re8+ Kh7 38. Rd1 Re7 39. Rxe7 Nxe7 40. Kg4 Ra5 41.
Rd2 Rxd5 42. Rxd5 Nxd5 43. Bd4 Nc3 44. Ba7 Nb5 45. Bb8 Kg6 46. f5+ Kf6 47. f4 a5
48. h4 c6 49. h5 Ke7 50. Kf3 Kd8 51. Ke4 Kc8 52. Bxd6 Nxd6+ 53. Ke5 Kd7 54. f6
gxf6+ 55. Kxf6 Ke8 56. Ke6 Ne4 57. f5 Nc3 58. f6 Nxa2 59. Kd6 a4 60. bxa4 b3 61.
a5 b2 62. a6 b1=Q 63. a7 Qb7 64. f7+ Kxf7 65. a8=B Qxa8 66. Kc7 c5 67. Kb6 c4
{White resigns} 0-1

[Event "Team 45 45 League T65"]
[Site "Internet Chess Club"]
[Date "2015.07.10"]
[Round "6"]
[White "Legomaster"]
[Black "bardu"]
[Result "0-1"]
[WhiteElo "1277"]
[BlackElo "1211"]
[Opening "Four knights: Scotch, 4...exd4"]
[ECO "C47"]
[Time "15:07:36"]
[TimeControl "2700+45"]

1. e4 e5 2. Nf3 Nc6 3. Nc3 Nf6 4. d4 exd4 5. Nxd4 Bb4 6. Nxc6 bxc6 7. Bd3 d5 8.
exd5 cxd5 9. Qe2+ Qe7 10. Qxe7+ Kxe7 11. Bd2 c6 12. O-O Re8 13. Rfe1+ Be6 14. a3
Ba5 15. b4 Bb6 16. Bg5 h6 17. Be3 d4 18. Bxd4 Bxd4 {White resigns} 0-1

[Event "Team 45 45 League T65"]
[Site "Internet Chess Club"]
[Date "2015.07.12"]
[Round "6"]
[White "XGG123"]
[Black "kutch"]
[Result "1/2-1/2"]
[WhiteElo "1322"]
[BlackElo "1549"]
[Opening "Ruy Lopez: 5.O-O"]
[ECO "C78"]
[Time "18:00:18"]
[TimeControl "2700+45"]

1. e4 e5 2. Nf3 Nc6 3. Bb5 a6 4. Ba4 Nf6 5. O-O b5 6. Bb3 Bc5 7. c3 d6 8. d4 Bb6
9. h3 Bb7 10. Re1 Qd7 11. a4 h6 12. Be3 O-O 13. Nbd2 Nh7 14. Nf1 Kh8 15. Ng3
Rad8 16. Qd2 exd4 17. cxd4 Ne7 18. axb5 axb5 19. Nh5 Ng8 20. d5 Bxe3 21. Qxe3 f5
22. Nh4 Qf7 23. Nxf5 Qxh5 24. Rec1 Rd7 25. Ra7 Rb8 26. Qd3 Ba8 27. Rcxc7 Rxc7
28. Rxc7 Qg5 29. Bc2 Ngf6 30. Qd4 Nf8 31. Qa7 N6d7 32. Nxd6 Qc1+ 33. Kh2 Qf4+
34. Kg1 Qxd6 35. e5 Qb6 36. Qxb6 Nxb6 37. d6 Ne6 38. Re7 Bd5 39. d7 Nxd7 40.
Rxd7 Rd8 41. Re7 Kg8 42. Bg6 Nd4 43. Rc7 Ne6 44. Re7 Nd4 45. Rc7 Ne2+ 46. Kh2
Nf4 47. Bf5 Nxg2 48. e6 Nf4 49. Re7 Kf8 50. Rd7 Rxd7 51. exd7 Ke7 52. Kg3 Nd3
53. Bxd3 Kxd7 54. Bxb5+ Kd6 55. Kf4 Ke6 56. Bd3 Kf6 57. h4 Bb3 58. Kg4 Bd1+ 59.
f3 Bb3 60. Bf5 Ke5 61. f4+ Kf6 62. Be4 Bd1+ 63. Bf3 Bb3 64. f5 Bc2 65. h5 Bxf5+
66. Kf4 Bd7 67. Bg4 Bb5 68. b4 g5+ 69. hxg6 Kxg6 70. Kg3 Kg5 71. Bc8 h5 72. Kh2
Kf4 73. Be6 Ke5 74. Bf7 Be2 75. Be8 Kd6 76. b5 Kc5 77. Kh3 Bxb5 78. Bxb5 Kxb5
79. Kh4 Kb4 80. Kxh5 {Game drawn because neither player has mating material}
1/2-1/2

[Event "Team 45 45 League T65"]
[Site "Internet Chess Club"]
[Date "2015.07.09"]
[Round "6"]
[White "PostMike"]
[Black "Berke"]
[Result "1-0"]
[WhiteElo "1496"]
[BlackElo "1434"]
[Opening "Sicilian: Najdorf, 6.f4"]
[ECO "B93"]
[Time "14:30:35"]
[TimeControl "2700+45"]

1. e4 c5 2. Nf3 d6 3. d4 cxd4 4. Nxd4 a6 5. f4 Nf6 6. Nc3 Qc7 7. Be2 Nbd7 8. O-O
e5 9. Nf3 Be7 10. Be3 Ng4 11. Qd2 exf4 12. Bd4 Bf6 13. Qxf4 Bxd4+ 14. Nxd4 Nge5
15. Nd5 Qd8 16. Nf5 {Black resigns} 1-0

[Event "Team 45 45 League T65"]
[Site "Internet Chess Club"]
[Date "2015.07.10"]
[Round "6"]
[White "Brazuka"]
[Black "medsurg"]
[Result "0-1"]
[WhiteElo "1157"]
[BlackElo "1418"]
[Opening "Ruy Lopez: Berlin defense, 4.O-O"]
[ECO "C65"]
[Time "20:00:19"]
[TimeControl "2700+45"]

1. e4 e5 2. Nf3 Nc6 3. Bb5 Nf6 4. O-O a6 5. Bxc6 dxc6 6. d3 Bg4 7. c3 Bc5 8. b4
Ba7 9. Bb2 O-O 10. Qe2 Re8 11. Nbd2 c5 12. a3 c6 13. Nb3 cxb4 14. cxb4 b5 15.
Na5 Qd6 16. Rac1 Rac8 17. Rfd1 c5 18. bxc5 Bxc5 19. Nb7 Qb6 20. Nxc5 Rxc5 21. d4
Rxc1 22. Bxc1 Bxf3 23. Qxf3 exd4 24. Bb2 Rxe4 25. Kf1 Qe6 26. Bc3 h6 27. Bb4 Ng4
28. Kg1 Qe5 29. Qxe4 Qxe4 30. f3 Qe3+ {White resigns} 0-1

[Event "Team 45 45 League T65"]
[Site "Internet Chess Club"]
[Date "2015.07.12"]
[Round "6"]
[White "Aquaman"]
[Black "dabodhi"]
[Result "0-1"]
[WhiteElo "1319"]
[BlackElo "1348"]
[Opening "Blackmar-Diemer gambit"]
[ECO "D00"]
[Time "15:06:34"]
[TimeControl "2700+45"]

1. d4 Nf6 2. Nc3 d5 3. e4 dxe4 4. f3 c6 5. fxe4 Bg4 6. Nf3 Qa5 7. Bd3 e6 8. O-O
Nbd7 9. Qe1 Qb6 10. Ne2 c5 11. c3 Qc7 12. Be3 e5 13. d5 Bxf3 14. Rxf3 c4 15. Bc2
Bc5 16. Bxc5 Nxc5 17. Kh1 Nfxe4 18. Bxe4 Nxe4 19. Re3 Nc5 20. Nf4 O-O-O 21. Rxe5
Qd7 22. Rd1 Rhe8 23. Rxe8 Rxe8 24. Qf2 Ne4 25. Qf3 Qe7 26. Re1 Ng3+ 27. Qxg3
Qxe1+ {White resigns} 0-1

[Event "Team 45 45 League T65"]
[Site "Internet Chess Club"]
[Date "2015.07.09"]
[Round "6"]
[White "Invicta-Knight"]
[Black "QuieroAprender"]
[Result "1-0"]
[WhiteElo "1632"]
[BlackElo "1597"]
[Opening "Scandinavian (center counter) defense"]
[ECO "B01"]
[Time "12:14:52"]
[TimeControl "2700+45"]

1. e4 d5 2. exd5 Qxd5 3. Nc3 Qe5+ 4. Qe2 Qxe2+ 5. Bxe2 e5 6. Nf3 Nc6 7. Bb5 Bd6
8. Bxc6+ bxc6 9. d4 f6 10. dxe5 fxe5 11. Be3 Nf6 12. O-O-O h6 13. Nh4 Be6 14.
Ng6 Rg8 15. f4 exf4 16. Nxf4 Bf7 17. Rhe1 O-O-O 18. g3 g5 19. Nfe2 Bb4 20. Bxa7
Rxd1+ 21. Rxd1 Bh5 22. Rf1 Ng4 23. Bg1 Ne5 24. Rf6 Bxc3 25. Nxc3 Nf3 26. Rxh6
{Black resigns} 1-0

[Event "Team 45 45 League T65"]
[Site "Internet Chess Club"]
[Date "2015.07.12"]
[Round "6"]
[White "BrerRabbit"]
[Black "Leon13"]
[Result "0-1"]
[WhiteElo "1465"]
[BlackElo "1368"]
[Opening "Réti: King's Indian attack (Barcza system)"]
[ECO "A07"]
[Time "15:01:02"]
[TimeControl "2700+45"]

1. Nf3 d5 2. g3 Nc6 3. Bg2 e5 4. d3 Nf6 5. O-O Bd6 6. Nbd2 O-O 7. e4 Be6 8. c3
Bg4 9. Qb3 dxe4 10. dxe4 Qd7 11. Qxb7 Rab8 12. Qa6 h6 13. Re1 Bh3 14. Bxh3 Qxh3
15. Qxc6 Ng4 16. Nc4 Rbd8 17. Ne3 f5 18. Nxg4 Qxg4 19. Kg2 f4 20. h3 Qg6 21.
Nxe5 f3+ 22. Kh2 Qh5 23. Ng4 Qg6 24. Be3 Bxg3+ 25. fxg3 Qxc6 26. Nf2 h5 27. Rad1
h4 28. g4 Qe6 29. b3 Qe5+ 30. Kh1 Rxd1 31. Rxd1 Qg3 32. Rg1 Qe5 33. Rd1 Kh7 34.
Bd4 Qb5 35. Kg1 Rd8 36. Rd3 c5 37. c4 Qc6 38. Be3 Rxd3 39. Nxd3 Qxe4 {White
resigns} 0-1

[Event "Team 45 45 League T65"]
[Site "Internet Chess Club"]
[Date "2015.07.12"]
[Round "6"]
[White "olivermx"]
[Black "gwillis"]
[Result "0-1"]
[WhiteElo "1327"]
[BlackElo "1374"]
[Opening "Ruy Lopez (Spanish opening)"]
[ECO "C60"]
[Time "09:34:09"]
[TimeControl "2700+45"]

1. e4 e5 2. Nf3 Nc6 3. Bb5 Bd6 4. c3 a6 5. Ba4 Nf6 6. Bc2 b5 7. O-O Bb7 8. d4
exd4 9. cxd4 Ne7 10. Re1 Bb4 11. Bd2 Bxd2 12. Qxd2 O-O 13. a3 Ng6 14. Nc3 d6 15.
b4 Re8 16. Qc1 Re7 17. Qb1 Qd7 18. Bb3 Nf4 19. Qc2 Nxg2 20. Kxg2 Qg4+ 21. Kf1
Qxf3 22. Re3 Qh1+ {White resigns} 0-1

[Event "Team 45 45 League T65"]
[Site "Internet Chess Club"]
[Date "2015.07.09"]
[Round "6"]
[White "isolani"]
[Black "Hal2001"]
[Result "1/2-1/2"]
[WhiteElo "1575"]
[BlackElo "1616"]
[Opening "Queen's pawn game"]
[ECO "A46"]
[Time "18:31:36"]
[TimeControl "2700+45"]

1. d4 Nf6 2. Nf3 c5 3. c3 d5 4. Bf4 Nc6 5. e3 g6 6. Nbd2 cxd4 7. cxd4 Bg7 8. Be2
O-O 9. O-O Bf5 10. Nh4 Bd7 11. Nhf3 Nh5 12. Be5 f6 13. Bg3 Nxg3 14. hxg3 e6 15.
Rc1 Rc8 16. Rc5 Qb6 17. Nb3 Rfe8 18. Rb5 Qc7 19. Nc5 Nd8 20. Nxd7 Qxd7 21. Qd2
a6 22. Rb3 Rc7 23. Rc1 Nc6 24. Rbc3 Rec8 25. Qc2 Bf8 26. a3 Bd6 27. b4 Ne7 28.
Rxc7 Rxc7 29. Qd2 Rxc1+ 30. Qxc1 Qc6 31. Qxc6 Nxc6 32. Nd2 e5 33. Nb3 exd4 34.
exd4 Kf7 35. Bf3 Ne7 36. Kf1 b6 37. Be2 a5 38. bxa5 bxa5 39. a4 Bb4 40. Bb5 Ke6
41. Ke2 {Game drawn by mutual agreement} 1/2-1/2

[Event "Team 45 45 League T65"]
[Site "Internet Chess Club"]
[Date "2015.07.13"]
[Round "6"]
[White "ChessMaine"]
[Black "Andaluz"]
[Result "1-0"]
[WhiteElo "1559"]
[BlackElo "1364"]
[Opening "Queen's pawn game"]
[ECO "A45"]
[Time "05:03:28"]
[TimeControl "2700+45"]

1. d4 Nf6 2. e3 g6 3. Bd3 c6 4. Nf3 Bg7 5. O-O O-O 6. Nbd2 d6 7. e4 Nbd7 8. e5
dxe5 9. dxe5 Ng4 10. e6 fxe6 11. Ng5 Ndf6 12. Re1 Nd5 13. Qxg4 Kh8 14. Bxg6 e5
15. Qh4 h6 16. Nf7+ Rxf7 17. Bxf7 e6 {Black resigns} 1-0

[Event "Team 45 45 League T65"]
[Site "Internet Chess Club"]
[Date "2015.07.11"]
[Round "6"]
[White "rgadoury"]
[Black "PaulRichard"]
[Result "0-1"]
[WhiteElo "1437"]
[BlackElo "1580"]
[Opening "Queen's pawn game"]
[ECO "A46"]
[Time "17:30:42"]
[TimeControl "2700+45"]

1. d4 Nf6 2. Nf3 e6 3. g3 d5 4. Bg2 Be7 5. Nbd2 O-O 6. O-O b6 7. Re1 Bb7 8. b3
c5 9. dxc5 Bxc5 10. Bb2 Nbd7 11. a3 Qe7 12. Bd4 Bxa3 13. Nb1 Bb4 14. c3 Bc5 15.
Bxc5 Nxc5 16. b4 Nce4 17. e3 Rfc8 18. Qb3 Rc4 19. Ne5 Rc7 20. h3 Qd6 21. Bxe4
Nxe4 22. Nd3 Nxg3 23. fxg3 Qxg3+ 24. Kf1 d4 25. e4 Qxd3+ {White resigns} 0-1

[Event "Team 45 45 League T65"]
[Site "Internet Chess Club"]
[Date "2015.07.18"]
[Round "6"]
[White "seattleblues"]
[Black "oldbookseller"]
[Result "1-0"]
[WhiteElo "1446"]
[BlackElo "1094"]
[Opening "QGD: 4.Nf3"]
[ECO "D37"]
[Time "15:13:08"]
[TimeControl "2700+45"]

1. d4 d5 2. Nf3 e6 3. c4 Nf6 4. Nc3 Bd6 5. Bg5 Nbd7 6. e3 O-O 7. Bd3 Qe8 8. O-O
b6 9. Nb5 Bb7 10. Nxd6 cxd6 11. Rc1 b5 12. cxb5 g6 13. Bh6 Ng4 14. Bxf8 Qxf8 15.
Rc7 Ndf6 16. Rxb7 Qh6 17. h3 Qh5 18. Be2 Ne4 19. hxg4 Qxg4 20. Nh2 Qg5 21. Bg4
f5 22. Qf3 Nd2 23. Qh3 Nxf1 24. Qxh7+ Kf8 25. Qf7# {Black checkmated} 1-0

[Event "Team 45 45 League T65"]
[Site "Internet Chess Club"]
[Date "2015.07.11"]
[Round "6"]
[White "Electryon"]
[Black "dabodhi"]
[Result "0-1"]
[WhiteElo "1410"]
[BlackElo "1323"]
[Opening "Réti opening"]
[ECO "A05"]
[Time "15:07:36"]
[TimeControl "2700+45"]

1. Nf3 Nf6 2. g3 e6 3. Bg2 d5 4. d4 Be7 5. O-O b6 6. c4 c6 7. Nc3 Nbd7 8. cxd5
exd5 9. Bf4 Nh5 10. Bd2 O-O 11. Qc2 b5 12. a4 b4 13. Na2 a5 14. Qxc6 Rb8 15.
Qxd5 Nhf6 16. Qb3 Nb6 17. Nc1 Be6 18. Qd1 Bd5 19. Bf4 Rc8 20. Be5 Nc4 21. b3
Nxe5 22. Nxe5 Bxg2 23. Kxg2 Qd5+ 24. Kg1 Ne4 25. e3 Ng5 26. Ncd3 Nh3# {White
checkmated} 0-1

[Event "Team 45 45 League T65"]
[Site "Internet Chess Club"]
[Date "2015.07.13"]
[Round "6"]
[White "seattleblues"]
[Black "Aquaman"]
[Result "1-0"]
[WhiteElo "1450"]
[BlackElo "1308"]
[Opening "Old Indian defense"]
[ECO "A53"]
[Time "21:00:25"]
[TimeControl "2700+45"]

1. d4 Nf6 2. c4 d6 3. Nf3 c6 4. Nc3 Nbd7 5. Bf4 Qc7 6. e3 e5 7. dxe5 dxe5 8. Bg3
Bd6 9. Be2 O-O 10. O-O h6 11. Qd2 Ne8 12. Rad1 f5 13. h3 f4 14. exf4 exf4 15.
Bh2 Rf6 16. Ne4 Re6 17. Nxd6 Nxd6 18. Bxf4 Nf6 19. Bxd6 Qd8 20. Ba3 Qe8 21. Rfe1
b6 22. Qd8 Qxd8 23. Rxd8+ Kf7 24. Rf8+ Kg6 25. Bd3+ Kh5 26. g4+ Nxg4 27. hxg4+
Kxg4 28. Rxe6 {Black resigns} 1-0

[Event "Team 45 45 League T65"]
[Site "Internet Chess Club"]
[Date "2015.07.12"]
[Round "6"]
[White "artspir"]
[Black "Just-Jim"]
[Result "0-1"]
[WhiteElo "1273"]
[BlackElo "1343"]
[Opening "Queen's pawn game"]
[ECO "D02"]
[Time "14:00:35"]
[TimeControl "2700+45"]

1. d4 d5 2. Nf3 f5 3. Bf4 e6 4. Nc3 Bb4 5. a3 Bxc3+ 6. bxc3 c6 7. Bd2 Nf6 8. e3
O-O 9. Bd3 Nbd7 10. O-O c5 11. Ng5 Nb6 12. dxc5 Na4 13. Rb1 Nxc5 14. Be2 Nfe4
15. Nxe4 Nxe4 16. Be1 Qa5 17. Rb3 Nc5 18. c4 Qa4 19. Rc3 dxc4 20. Bxc4 Ne4 21.
Rd3 Qxc4 22. Rd8 Qc7 23. Rd3 b6 24. Bb4 Nc5 25. Rc3 Rd8 26. Qa1 a5 27. Bxc5 bxc5
28. g3 Bb7 29. Re1 Qc6 30. e4 fxe4 31. Rce3 Rd4 32. c3 Rd3 33. Rxe4 Rad8 34. h4
Rd1 35. Kh2 Rxa1 {White resigns} 0-1

[Event "Team 45 45 League T65"]
[Site "Internet Chess Club"]
[Date "2015.07.12"]
[Round "6"]
[White "bhandelman"]
[Black "bugeyes"]
[Result "1-0"]
[WhiteElo "1177"]
[BlackElo "1069"]
[Opening "English opening"]
[ECO "A20"]
[Time "10:00:24"]
[TimeControl "2700+45"]

1. c4 e5 2. g3 Nf6 3. Bg2 Nc6 4. Nc3 Bc5 5. d3 O-O 6. e4 h6 7. Nge2 d6 8. O-O
Be6 9. a3 a6 10. b4 Ba7 11. Nd5 Nd4 12. Nec3 c6 13. Nxf6+ Qxf6 14. Qh5 Nb3 15.
Rb1 Nd4 16. Be3 Rfc8 17. f4 g6 18. Qxh6 Qg7 19. Qg5 Ne2+ 20. Nxe2 Bxe3+ 21. Kh1
exf4 22. Nxf4 Bxf4 23. Qxf4 Qh7 24. Qxd6 Kg7 25. Qe5+ Kf8 26. Rf4 {Black
forfeits on time} 1-0

[Event "Team 45 45 League T65"]
[Site "Internet Chess Club"]
[Date "2015.07.12"]
[Round "6"]
[White "GideonL"]
[Black "Husky99"]
[Result "1/2-1/2"]
[WhiteElo "1476"]
[BlackElo "1325"]
[Opening "Giuoco Piano: four knights variation"]
[ECO "C55"]
[Time "14:00:32"]
[TimeControl "2700+45"]

1. e4 e5 2. Nf3 Nc6 3. Bc4 Nf6 4. Nc3 Bc5 5. O-O h6 6. d3 Ng4 7. h3 Bxf2+ 8.
Rxf2 Nxf2 9. Kxf2 O-O 10. Be3 d6 11. Bd5 Ne7 12. Bb3 c6 13. Kg1 Ng6 14. Qe2 Be6
15. Bxe6 fxe6 16. Rf1 d5 17. exd5 exd5 18. Bd2 Qb6+ 19. Kh1 Rae8 20. b3 Nf4 21.
Qf2 {Game drawn by mutual agreement} 1/2-1/2

[Event "Team 45 45 League T65"]
[Site "Internet Chess Club"]
[Date "2015.07.12"]
[Round "6"]
[White "stantheman59"]
[Black "guyd52"]
[Result "0-1"]
[WhiteElo "1267"]
[BlackElo "1345"]
[Opening "King's pawn opening"]
[ECO "B07"]
[Time "19:01:49"]
[TimeControl "2700+45"]

1. e4 d6 2. Nf3 g6 3. d4 Bg7 4. Be3 Nf6 5. Bd3 Nbd7 6. O-O O-O 7. Nc3 Ng4 8. Bf4
c6 9. Ne2 e5 10. Bg3 exd4 11. Bxd6 Re8 12. Nfxd4 Nde5 13. Bb4 Nxd3 14. Qxd3 Ne5
15. Qc3 Nd7 16. f3 Qc7 17. Nb5 Qb6+ 18. Nbd4 c5 19. Ba5 Qa6 20. Rfd1 cxd4 21.
Nxd4 Qf6 22. Bc7 b6 23. a4 Nc5 24. a5 Ne6 25. axb6 Qxd4+ 26. Qxd4 Bxd4+ 27. Rxd4
Nxd4 28. Rxa7 Rxa7 29. bxa7 Bb7 30. Bb8 Nxc2 31. Kf2 Nb4 32. Bd6 Nc6 33. Bc5 Re5
34. b4 Na5 35. Ke3 Nb3 36. Bb6 Rb5 37. Bc7 Rxb4 38. Be5 Ra4 39. Bd4 Nxd4 40. e5
Ne6 41. g3 Rxa7 42. h4 Ra3+ 43. Kf2 Rxf3+ 44. Ke2 Rxg3 45. Kf2 Rh3 46. Kg1 Rxh4
47. Kf2 Rg4 48. Ke3 h5 49. Kf2 h4 {White resigns} 0-1

[Event "Team 45 45 League T65"]
[Site "Internet Chess Club"]
[Date "2015.07.13"]
[Round "6"]
[White "Conjurer"]
[Black "srikrish"]
[Result "1-0"]
[WhiteElo "1409"]
[BlackElo "1111"]
[Opening "Queen's pawn game"]
[ECO "D02"]
[Time "12:00:37"]
[TimeControl "2700+45"]

1. d4 d5 2. Nf3 e6 3. Bf4 c5 4. e3 Nc6 5. c4 Nf6 6. h3 Be7 7. Nc3 O-O 8. Bd3 b6
9. O-O Ba6 10. b3 Re8 11. Nb5 Bxb5 12. cxb5 Nb4 13. Be2 Ne4 14. a3 Na2 15. Qc2
Nac3 16. Bd3 Rc8 17. Nd2 Nxd2 18. Qxd2 Ne4 19. Qe2 Bd6 20. Bxd6 Qxd6 21. Qg4 e5
22. Rad1 exd4 23. exd4 c4 24. bxc4 Nf6 25. Qh4 dxc4 26. Bf5 Rc7 27. Bc2 c3 28.
a4 Re2 29. Bd3 Rb2 30. Rc1 c2 31. Rfe1 Qa3 32. Re8+ Nxe8 33. Qxh7+ Kf8 34. Qh8+
Ke7 35. Re1+ Kd6 36. Qxe8 c1=Q 37. Qe5+ Kd7 38. Bf5+ Kd8 39. Qe8# {Black
checkmated} 1-0

[Event "Team 45 45 League T65"]
[Site "Internet Chess Club"]
[Date "2015.07.12"]
[Round "6"]
[White "rhayder"]
[Black "WzeroMN"]
[Result "0-1"]
[WhiteElo "1320"]
[BlackElo "1143"]
[Opening "Ruy Lopez: Caro variation"]
[ECO "C70"]
[Time "19:43:56"]
[TimeControl "2700+45"]

1. e4 e5 2. Nf3 Nc6 3. Bb5 a6 4. Ba4 b5 5. Bb3 Nf6 6. Ng5 d5 7. exd5 Nxd5 8.
Bxd5 Qxd5 9. O-O f6 10. Nc3 Qd7 11. Nge4 Bb4 12. a3 Bxc3 13. dxc3 O-O 14. Be3
Qxd1 15. Raxd1 Bb7 16. Nc5 Rad8 17. Ne6 Rxd1 18. Rxd1 Re8 19. Nxc7 Rd8 20. Rxd8+
Nxd8 21. Kf1 Kf7 22. f3 Ke7 23. Bb6 Kd7 24. Nxa6 Bxa6 25. Bxd8 Kxd8 26. Ke2 Kd7
27. Kd3 Kd6 28. b3 b4+ 29. Kd2 bxa3 30. Kc1 Bf1 31. g3 Bg2 32. Kb1 Bxf3 33. b4
e4 34. b5 e3 35. b6 e2 {White resigns} 0-1